 Dungeon Crawl Stone Soup version 0.24-a0-397-g73b976d855 (webtiles) character file.

Game seed: 9554788937688828574

4554 Ijustatesigmund the Basher (level 10, -3/72 HPs)
             Began as an Octopode Fighter on June 4, 2019.
             Was an Initiate of Cheibriados.
             Slain by a wyvern (18 damage)
             ... on level 8 of the Dungeon.
             The game lasted 00:19:25 (8326 turns).

Ijustatesigmund the Basher (Octopode Fighter)       Turns: 8326, Time: 00:19:25

Health: -3/72      AC:  1    Str: 24    XL:     10   Next: 40%
Magic:  10/11      EV: 16    Int: 11    God:    Cheibriados [......]
Gold:   206        SH: 15    Dex: 15    Spells: 9/9 levels left

rFire    . . .     SeeInvis .   a - +2 morningstar
rCold    . . .     Gourm    .   b - +2 shield
rNeg     . . .     Faith    .   (helmet restricted)
rPois    .         Spirit   .   w - +2 amulet of reflection
rElec    .         Reflect  +   g - ring of resist corrosion
rCorr    +         Harm     .   e - +6 ring of strength
MR       .....                  (no ring)
Stlth    ++++......             (no ring)
HPRegen  0.22/turn              (no ring)
MPRegen  0.12/turn              (no ring)
                                (no ring)
                                (no ring)

@: very slow
A: almost no armour, stealthy swim, amphibious, 8 rings, constrict 8, camouflage
1, gelatinous body 1
a: Bend Time, Renounce Religion


You were on level 8 of the Dungeon.
You worshipped Cheibriados.
Cheibriados was noncommittal.
You were not hungry.

You visited 2 branches of the dungeon, and saw 9 of its levels.
You also visited: Sewer and Ossuary.

You collected 603 gold pieces.
You spent 397 gold pieces at shops.

Inventory:

Hand Weapons
 a - a +2 morningstar (weapon)
 x - a +2 morningstar of draining
Missiles
 j - 7 javelins (quivered)
Armour
 b - a +2 shield (worn)
Jewellery
 e - a +6 ring of strength (right tentacle)
 g - a ring of resist corrosion (left tentacle)
 w - a +2 amulet of reflection (around mantle)
Wands
 i - a wand of acid (16)
 n - a wand of flame (11)
 p - a wand of iceblast (2)
 s - a wand of polymorph (9)
Scrolls
 l - 8 scrolls of remove curse
 m - 3 scrolls of amnesia
 q - 3 scrolls of teleportation
 r - 3 scrolls of fog
 t - 2 scrolls of magic mapping
 y - 3 scrolls of identify
Potions
 c - 2 potions of haste
 h - 8 potions of curing
 k - 4 potions of brilliance
 o - 2 potions of lignification
 u - a potion of ambrosia
 v - 3 potions of flight
 z - a potion of resistance
Comestibles
 d - 20 rations


   Skills:
 - Level 7.9 Fighting
 + Level 8.7 Maces & Flails
 - Level 7.0 Dodging
 - Level 5.2 Stealth
 - Level 7.0 Shields
 + Level 2.2 Invocations


You had 9 spell levels left.
You didn't know any spells.
Your spell library was empty.

Dungeon Overview and Level Annotations

Branches:
Dungeon (8/15)             Temple (1/1) D:4
   Lair: D:8-11

Altars:
Ashenzari
Cheibriados
Dithmenos
Elyvilon
Fedhas
Hepliaklqana
Kikubaaqudgha
Makhleb
Nemelex Xobeh
Okawaru
Qazlal
Ru
Sif Muna
Trog
Uskayaw
Vehumet
Wu Jian
Xom
Yredelemnul
Zin
The Shining One
Lugonu

Shops:
D:5 *   D:7 [   D:8 *

Annotations:
D:7 2 transporters


Innate Abilities, Weirdness & Mutations

You cannot wear most types of armour.
You are very stealthy in the water. (Stealth+)
You are amphibious.
You can wear up to eight rings at the same time.
You can use your tentacles to constrict eight enemies at once.
Your skin changes colour to match your surroundings (Stealth+).
Your rubbery body absorbs attacks. (AC +1, EV +1)


Message History

The bolt of acid hits the steam dragon!!
The steam dragon is splashed with acid.
You kill the steam dragon!
Cheibriados appreciates the change of pace.
Your Invocations skill increases to level 2!
The bolt of acid hits the gnoll!
The gnoll is splashed with acid.
The acid corrodes the gnoll!
You kill the gnoll!
Cheibriados appreciates the change of pace.
You block the wyvern's attack. The gnoll barely misses you.
Really walk into that cloud of steam?
Okay, then.
Okay, then.
You feel better. You block the wyvern's attack. The wyvern bites you.
The gnoll hits you with a +0 flail!
* * * LOW HITPOINT WARNING * * *
You closely miss the gnoll. You grab the gnoll. You squeeze the gnoll.
The gnoll is lightly wounded.
You constrict the gnoll. The wyvern misses you. The wyvern bites you!!
You die...

#.... (.####
#####.... .....#
#...#.... .....#
#...#.... .....+
+...#....
)....###..)#.###
)....##.†...|#
###†....#.......#
#.@g....#######.#
#§#l....# #.#
#.#############.#
#...............#
###############<#
###


You could see a wyvern and a gnoll.

Vanquished Creatures
  Psyche (D:8)
  A spriggan (D:7)
  A steam dragon (D:8)
  Menkaure (D:7)
  A water moccasin (D:8)
  2 orc warriors
  Purgy (Sewer)
  A sky beast (D:7)
  A phantom (D:7)
  7 ogres
  3 centaurs (D:7)
  A bullfrog (D:6)
  A water moccasin zombie (D:8)
  5 scorpions
  3 howler monkeys (D:4)
  3 crimson imps (D:5)
  5 bullfrog zombies
  A centaur zombie (D:7)
  2 hounds (D:6)
  2 jellies (D:8)
  4 orc priests
  Ijyb (D:3)
  A bullfrog skeleton (D:6)
  17 mummies (Ossuary)
  4 orc wizards
  2 iguanas (D:8)
  10 worker ants
  2 killer bee zombies
  2 hound skeletons
  A hound zombie (D:7)
  5 worker ant zombies
  2 gnolls (D:8)
  13 adders
  A river rat (D:6)
  2 shadow imps (D:5)
  2 oozes
  An adder zombie (Ossuary)
  5 worms
  3 dart slugs
  2 leopard geckos (D:4)
  14 orcs
  7 giant cockroaches
  6 goblins
  4 hobgoblins
  6 jackals
  6 quokkas
  5 ball pythons
  8 bats
  12 frilled lizards
  A jackal skeleton (D:6)
  9 kobolds
  A leopard gecko zombie (D:7)
  A quokka skeleton (D:3)
  A quokka zombie (Ossuary)
  7 rats
211 creatures vanquished.

Vanquished Creatures (others)
  2 centaurs (D:7)
  2 fungi (D:4)
  4 toadstools (D:4)
  4 withered plants (Ossuary)
12 creatures vanquished.

Grand Total: 223 creatures vanquished

Notes
Turn   | Place    | Note
-------+----------+-------------------------------------------
     0 | D:1      | Ijustatesigmund the Octopode Fighter began the quest for
                  | the Orb.
     0 | D:1      | Reached XP level 1. HP: 16/16 MP: 1/1
   181 | D:1      | Reached XP level 2. HP: 21/21 MP: 2/2
   834 | D:1      | Reached skill level 3 in Maces & Flails
  1046 | D:2      | Reached XP level 3. HP: 25/26 MP: 3/3
  1155 | D:2      | Found a white marble altar of Elyvilon.
  1200 | D:2      | Reached XP level 4. HP: 29/32 MP: 4/4
  1877 | D:3      | Reached skill level 4 in Maces & Flails
  2180 | D:3      | Noticed Ijyb
  2184 | D:3      | Killed Ijyb
  2184 | D:3      | Reached XP level 5. HP: 37/37 MP: 5/5
  2281 | D:3      | Reached skill level 5 in Maces & Flails
  2430 | D:3      | Reached XP level 6. HP: 44/44 MP: 6/6
  3262 | D:4      | Reached XP level 7. HP: 49/49 MP: 7/7
  3354 | D:4      | Reached skill level 5 in Fighting
  3677 | D:4      | Found a staircase to the Ecumenical Temple.
  3684 | D:4      | Found a glowing silver altar of Zin.
  3687 | Temple   | Entered the Ecumenical Temple
  4161 | D:5      | Entered Level 5 of the Dungeon
  4173 | D:5      | Reached skill level 6 in Maces & Flails
  4368 | D:5      | Reached XP level 8. HP: 41/56 MP: 8/8
  4833 | D:5      | Found Fudaum's Assorted Antiques.
  4838 | D:5      | Bought a scroll of teleportation for 60 gold pieces
  4838 | D:5      | Bought a blackened bone wand for 80 gold pieces
  5181 | D:6      | Found a sand-covered staircase.
  5190 | Ossuary  | Entered an ossuary
  5202 | Ossuary  | Reached skill level 5 in Dodging
  5202 | Ossuary  | Reached skill level 5 in Shields
  5285 | Ossuary  | Reached skill level 7 in Maces & Flails
  5317 | Ossuary  | Reached XP level 9. HP: 38/63 MP: 9/9
  5674 | D:6      | Found a glowing drain.
  5681 | Sewer    | Entered a sewer
  5717 | Sewer    | Noticed Purgy
  5736 | Sewer    | Killed Purgy
  6000 | D:6      | Reached skill level 1 in Stealth
  6678 | D:7      | Found Caseil's Antique Armour Emporium.
  6906 | D:7      | Found an ancient bone altar of Kikubaaqudgha.
  6960 | D:7      | Got a brightly glowing war axe
  6961 | D:7      | Identified the +4 war axe "Orb Guardian's Death" {drain,
                  | rPois rC+ Dex+3} (You found it on level 7 of the Dungeon)
  6982 | D:7      | Found a blossoming altar of Fedhas.
  7471 | D:7      | Found a transporter.
  7474 | D:7      | Noticed a cyan ugly thing
  7474 | D:7      | Noticed Menkaure
  7475 | D:7      | Found a corrupted altar of Lugonu.
  7477 | D:7      | Killed Menkaure
  7477 | D:7      | Reached skill level 8 in Maces & Flails
  7509 | D:7      | Noticed a white ugly thing
  7510 | D:7      | Found a transporter.
  7510 | D:7      | Noticed a red ugly thing
  7510 | D:7      | Noticed a cyan ugly thing
  7549 | D:7      | Reached XP level 10. HP: 62/71 MP: 10/10
  7794 | D:8      | Found Dyumao's Assorted Antiques.
  7795 | D:8      | Noticed Psyche
  7804 | D:8      | Killed Psyche
  7804 | D:8      | Reached skill level 5 in Stealth
  7932 | D:8      | Bought a scroll labeled BIONGU OTEQAEG for 26 gold pieces
  7932 | D:8      | Bought a silvery potion for 23 gold pieces
  7932 | D:8      | Bought a wand of acid (12) for 208 gold pieces
  7976 | D:8      | Found a shattered altar of Ashenzari.
  8154 | D:8      | Found a snail-covered altar of Cheibriados.
  8154 | D:8      | Found a shattered altar of Ashenzari.
  8217 | D:8      | Became a worshipper of Cheibriados the Contemplative
  8255 | D:8      | Reached skill level 1 in Invocations
  8326 | D:8      | Slain by a wyvern

Levels and vault maps discovered:
D:1:      nicolae_arrival_memento_mori, layout_loops_corners
D:2:      layout_basic, nicolae_overflow_crystal_walls, minmay_split_cup_small
D:3:      layout_loops_ring, uniq_ijyb
D:4:      layout_basic, lemuel_crystal_altar, minmay_temple_entry_mist,
          minmay_gold_behind_fungi
D:5:      layout_basic, first_ration, serial_shops, kennysheep_little_box
D:6:      minmay_general_purpose_star, layout_loops_cross, serial_rivers,
          chequers_serial_rivers_room_b, chequers_serial_rivers_small_a,
          chequers_serial_rivers_micro_b, chequers_serial_rivers_small_3,
          lightli_sewer_entry_pipes, nicolae_ossuary_entry_monument
D:7:      gammafunk_corrupted_shrine, layout_basic, kennysheep_mini,
          serial_shops, shop, the_bakery, lemuel_centaur_altar, uniq_menkaure
D:8:      layout_basic, gammafunk_temple_overflow_elements, basic_altar,
          ebering_ghost_xom, serial_shops, nicolae_shop_overgrown_old_shop,
          uniq_psyche
Temple:   nicolae_temple_elliptical

Skill      XL: |  1  2  3  4  5  6  7  8  9 10 |
---------------+-------------------------------+-----
Maces & Flails | 3 4 5 6 7 8 |  8.7
Fighting       | 4 5 6 7 |  7.9
Dodging        | 4 5 6 7 |  7.0
Shields        | 4 5 6 7 |  7.0
Stealth        | 4 5 |  5.2
Invocations    | 2 |  2.2

Action                   |  1- 3 |  4- 6 |  7- 9 | 10-12 || total
-------------------------+-------+-------+-------+-------++-------
Melee: Flail             |    51 |    43 |       |       ||    94
       Constrict         |    13 |    35 |    54 |    12 ||   114
       Tentacles         |     5 |    31 |    55 |    15 ||   106
       Morningstar       |       |    74 |   223 |    41 ||   338
Throw: Boomerang         |       |       |     1 |     1 ||     2
Evoke: Wand              |       |       |       |     2 ||     2
  Use: Scroll            |     5 |     5 |    16 |     2 ||    28
       Potion            |       |     1 |     2 |     5 ||     8
 Stab: Sleeping          |     7 |     7 |    14 |     5 ||    33
       Distracted        |       |     1 |     2 |       ||     3
  Eat: Chunk             |     1 |     6 |     7 |     1 ||    15
       Ration            |       |       |     2 |     1 ||     3
Armor: Skin              |     2 |     9 |     4 |       ||    15
Dodge: Dodged            |    26 |    36 |    81 |    20 ||   163
Block: Shield            |    18 |    54 |   113 |    39 ||   224
       Reflection        |       |       |     5 |     7 ||    12

Table legend:
 A = Non-vault XP
 B = Vault XP
 C = Vault XP percentage of total XP
 D = Non-vault monster count
 E = Vault monster count
 F = Vault count percentage of total count
                 A         B        C        D         E       F
            +---------+---------+-------+---------+---------+-------
      Total |    4179 |    2327 |  35.8 |     161 |      52 |  24.4
            +---------+---------+-------+---------+---------+-------
        D:1 |      32 |       0 |   0.0 |      17 |       0 |   0.0
        D:2 |      85 |       3 |   3.4 |      21 |       3 |  12.5
        D:3 |     228 |      40 |  14.9 |      40 |       1 |   2.4
        D:4 |     584 |       0 |   0.0 |      18 |       0 |   0.0
        D:5 |     752 |       0 |   0.0 |      16 |       0 |   0.0
        D:6 |     674 |      25 |   3.6 |      14 |       4 |  22.2
        D:7 |     722 |     854 |  54.2 |      15 |       6 |  28.6
        D:8 |    1102 |     410 |  27.1 |      20 |       1 |   4.8
      Sewer |       0 |     142 | 100.0 |       0 |       9 | 100.0
    Ossuary |       0 |     853 | 100.0 |       0 |      28 | 100.0
            +---------+---------+-------+---------+---------+-------
